 Dungeon Crawl Stone Soup version 0.25-a0-661-g55ea3d2053 (webtiles) character file.

Game seed: 1851629263213812654, levelgen mode: deterministic

721 kae the Ruffian (level 7, -2/59 (60) HPs)
             Began as a Ghoul Warper on Mar 23, 2020.
             Killed from afar by an orc wizard (6 damage)
             ... with a magic dart
             ... on level 4 of the Dungeon.
             The game lasted 00:06:13 (4005 turns).

kae the Ruffian (Ghoul Warper)                      Turns: 4005, Time: 00:06:13

HP:   -2/59 (60)    AC:  6    Str: 15    XL:     7   Next: 70%
MP:   11/11         EV: 11    Int: 10    God:
Gold: 124           SH:  0    Dex:  8    Spells: 9/13 levels left

rFire    . . .     SeeInvis .     - Unarmed
rCold    + . .     Gourm    .   (no shield)
rNeg     + + +     Faith    .   b - +0 leather armour {rPois}
rPois    ∞         Spirit   .   (no helmet)
rElec    .         Reflect  .   p - +1 cloak
rCorr    .         Harm     .   e - +0 pair of gloves
MR       .....                  (no boots)
Stlth    +.........             (no amulet)
HPRegen  0.00/turn              (no ring)
MPRegen  0.12/turn              (no ring)

@: rotting
A: rotting body, claws 1, carnivore, cold resistance 1, negative energy
resistance 3, inhibited regeneration, torment resistance, unbreathing
a: no special abilities


You were on level 4 of the Dungeon.
You were not hungry.

You visited 1 branch of the dungeon, and saw 4 of its levels.

You collected 208 gold pieces.
You spent 84 gold pieces at shops.

Inventory:

Missiles
 d - 5 boomerangs of dispersal (quivered)
Armour
 b - a +0 leather armour of poison resistance (worn)
 e - a +0 pair of gloves (worn)
 p - a +1 cloak (worn)
Scrolls
 c - a scroll of blinking
 g - a scroll of amnesia
 h - a scroll of teleportation
 l - a scroll of remove curse
Potions
 i - a potion of haste
 j - a potion of might {unknown}
Comestibles
 a - 3 chunks of flesh
 f - 9 rations


   Skills:
 + Level 4.7 Fighting
 - Level 0.8 Throwing
 - Level 0.8 Armour
 - Level 1.7 Dodging
 * Level 6.4 Unarmed Combat
 + Level 3.6 Spellcasting
 + Level 3.5 Translocations


You had 9 spell levels left.
You knew the following spells:

 Your Spells              Type           Power        Failure   Level  Hunger
a - Blink                 Tloc           N/A          12%         2    ###....
b - Shroud of Golubria    Chrm/Tloc      #.....       24%         2    ###....

Your spell library contained the following spells:

 Spells                   Type           Power        Failure   Level  Hunger
 Gell's Gravitas          Tloc           #.........   24%         3    ###....
 Lesser Beckoning         Tloc           #.........   24%         3    ###....
 Teleport Other           Tloc           #.......     24%         3    ###....
 Passage of Golubria      Tloc           N/A          61%         4    #####..


Dungeon Overview and Level Annotations

Branches:
Dungeon (4/15)
 Temple: D:4-7

Altars:
Fedhas
The Shining One

Shops:
D:4 [}

Annotations:
D:4 2 transporters, 2 runed translucent doors, Scuka's ghost, amateur DsGl


Innate Abilities, Weirdness & Mutations

Your body is rotting away.
You thrive on raw meat.
You are immune to poison.
You have sharp fingernails.
You are carnivorous and can eat meat at any time.
Your flesh is cold resistant. (rC+)
You are immune to negative energy. (rN+++)
You do not regenerate when monsters are visible.
You are immune to unholy pain and torment.
You can survive without breathing.


Message History

You barely miss the iguana.
The iguana is almost dead.
The iguana closely misses you.
You hit the iguana but do no damage.
The iguana is almost dead.
The iguana misses you.
Sorry, you're not good enough to have a special ability.
Okay, then.
You punch the iguana!
You kill the iguana!
You punch the orc wizard!
The orc wizard is heavily wounded.
The orc wizard closely misses you.
The orc wizard hits you with a +0 dagger.
* * * LOW HITPOINT WARNING * * *
You closely miss the orc wizard.
The orc wizard is heavily wounded.
The orc wizard casts a spell at you. The magic dart hits you.
You die...

............# #............#
............########....#....#
...............# #.>..#....#
......########.######...#...!#
####### #.)...###..
#.#........ #...######.
#..##o...# #######..#@####
#........#..#.#
#..##++##.'.#.## #8.O #######
#8... .#(... #.#[... #.#8...
#.##8..


You could see an orc wizard.

Vanquished Creatures
  4 ogres
  2 hounds (D:4)
  Crazy Yiuf (D:2)
  An iguana (D:4)
  2 orc wizards (D:3)
  2 worker ants
  4 adders
  An ooze (D:3)
  6 worms
  2 dart slugs (D:1)
  7 leopard geckos
  9 orcs
  7 giant cockroaches
  9 goblins
  9 hobgoblins
  5 jackals
  11 kobolds
  2 quokkas (D:3)
  10 bats
  5 frilled lizards
  5 rats
104 creatures vanquished.

Notes
Turn   | Place    | Note
-------+----------+-------------------------------------------
     0 | D:1      | kae the Ghoul Warper began the quest for the Orb.
     0 | D:1      | Reached XP level 1. HP: 17/17 MP: 2/2
   330 | D:1      | Reached XP level 2. HP: 24/25 MP: 3/3
   532 | D:1      | Reached skill level 3 in Unarmed Combat
   584 | D:1      | Reached XP level 3. HP: 26/30 MP: 5/5
   623 | D:1      | Learned a level 2 spell: Blink
  1270 | D:2      | Reached XP level 4. HP: 34/36 MP: 6/6
  1299 | D:2      | Found a runed translucent door.
  1300 | D:2      | Noticed Crazy Yiuf
  1507 | D:2      | Reached skill level 4 in Unarmed Combat
  1753 | D:2      | Reached XP level 5. HP: 41/45 MP: 7/7
  1756 | D:2      | Noticed an ogre
  1762 | D:2      | Killed an ogre
  1933 | D:2      | Found a glowing golden altar of the Shining One.
  2135 | D:2      | Killed Crazy Yiuf
  2135 | D:2      | Reached skill level 5 in Unarmed Combat
  2135 | D:2      | Reached XP level 6. HP: 28/51 MP: 9/9
  2485 | D:3      | Learned a level 2 spell: Shroud of Golubria
  2770 | D:3      | Found a blossoming altar of Fedhas.
  3428 | D:4      | Found Hoocatai's Gadget Boutique.
  3562 | D:4      | Found Ehudgh's Armour Shop.
  3586 | D:4      | Reached XP level 7. HP: 19/60 MP: 8/11
  3606 | D:4      | Bought a +0 leather armour of poison resistance for 84 gold
                  | pieces
  3655 | D:4      | Found a transporter.
  3673 | D:4      | Found a transporter.
  3678 | D:4      | Noticed Scuka's ghost (amateur DsGl)
  3696 | D:4      | Reached skill level 6 in Unarmed Combat
  3970 | D:4      | Found a large runed translucent door.
  3973 | D:4      | Found a large runed translucent door.
  4005 | D:4      | Killed from afar by an orc wizard

Levels and vault maps discovered:
D:1:      dpeg_arrival_chambers_temple_mockup, layout_loops_ring,
          bh_walls_and_bars
D:2:      layout_loops_ring, first_ration, tso_metal_star,
          uniq_crazy_yiuf_cottage
D:3:      layout_basic, minivault_14, fedhas_altar_3
D:4:      layout_basic, gammafunk_ghost_stat_death, serial_shops, shop, shop,
          shop, minmay_hollow_rounded_squares

Skill      XL: |  1  2  3  4  5  6  7 |
---------------+----------------------+-----
Spellcasting   | 2 3 |  3.6
Unarmed Combat | 3 4 5 6 |  6.4
Fighting       | 3 4 |  4.7
Translocations | 3 |  3.5
Throwing       | |  0.8
Armour         | |  0.8
Dodging        | |  1.7

Action                   |  1- 3 |  4- 6 |  7- 9 || total
-------------------------+-------+-------+-------++-------
Melee: Unarmed           |   161 |   256 |    60 ||   477
       Punch             |       |     5 |       ||     5
 Cast: Blink             |       |     2 |       ||     2
       Shroud of Golubri |       |     1 |     1 ||     2
  Use: Potion            |       |     6 |       ||     6
       Scroll            |       |     7 |       ||     7
  Eat: Chunk             |    15 |    29 |    14 ||    58
       Ration            |     1 |     1 |       ||     2
Armor: Leather armour    |    33 |    87 |    13 ||   133
Dodge: Dodged            |   108 |   116 |    16 ||   240

Table legend:
 A = Non-vault XP
 B = Vault XP
 C = Vault XP percentage of total XP
 D = Non-vault monster count
 E = Vault monster count
 F = Vault count percentage of total count
                 A         B        C        D         E       F
            +---------+---------+-------+---------+---------+-------
      Total |     951 |      79 |   7.7 |     102 |       2 |   1.9
            +---------+---------+-------+---------+---------+-------
        D:1 |      52 |       0 |   0.0 |      25 |       0 |   0.0
        D:2 |     230 |      42 |  15.4 |      31 |       1 |   3.1
        D:3 |     156 |       0 |   0.0 |      29 |       0 |   0.0
        D:4 |     513 |      37 |   6.7 |      17 |       1 |   5.6
            +---------+---------+-------+---------+---------+-------
